 Dungeon Crawl Stone Soup version 0.21.1-1-g345015fe64 (webtiles) character file.

144 Jens78 the Ruffian (level 5, -12/48 HPs)
             Began as a Troll Transmuter on June 9, 2018.
             Mangled by Sigmund
             ... wielding a +0 scythe
              (15 damage)
             ... on level 4 of the Dungeon.
             The game lasted 00:18:46 (2191 turns).

Jens78 the Ruffian (Troll Transmuter)               Turns: 2191, Time: 00:18:47

Health: -12/48     AC:  5    Str: 19    XL:     5   Next: 5%
Magic:  1/5        EV: 10    Int:  9    God:
Gold:   106        SH:  0    Dex: 10    Spells: 3/6 levels left

rFire    . . .     SeeInvis .   w - +1 mace (holy)
rCold    . . .     Gourm    +   (no shield)
rNeg     . . .     Faith    .   b - +0 robe
rPois    .         Spirit   .   (helmet restricted)
rElec    .         Reflect  .   (no cloak)
rCorr    .         Harm     .   (gloves unavailable)
MR       .....                  (boots unavailable)
Stlth    +.........             (no amulet)
HPRegen  0.56/turn              (no ring)
MPRegen  0.09/turn              (no ring)

@: drained
A: large, unfitting armour, claws 3, fast metabolism 3, gourmand, regeneration
1, shaggy fur 1, tough skin 2
a: no special abilities


You were on level 4 of the Dungeon.
You were very full.

You visited 1 branch of the dungeon, and saw 4 of its levels.

You collected 106 gold pieces.

Inventory:

Hand Weapons
 i - a +5 trident
 o - a +0 short sword of draining
 p - a +0 dagger
 q - a +0 hunting sling
 w - a +1 mace of holy wrath (weapon)
Missiles
 a - 61 arrows
 e - 69 stones (quivered)
 r - 23 sling bullets
Armour
 b - a +0 robe (worn)
Scrolls
 f - a scroll of fog {unknown}
 h - 4 scrolls of identify {unknown}
 j - 2 scrolls of remove curse {unknown}
 k - a scroll of amnesia {unknown}
 m - a scroll of enchant armour {unknown}
 n - a scroll of random uselessness {unknown}
 s - a scroll of fear {unknown}
 u - a scroll of teleportation {unknown}
Potions
 g - a potion of mutation {unknown}
 l - a potion of resistance {unknown}
 t - a potion of might {unknown}
 x - a potion of curing {unknown}
Books
 c - a book of Changes

   Spells                             Type                      Level
   a - Beastly Appendage              Transmutation                1
   b - Sticks to Snakes               Transmutation                2
   c - Spider Form                    Transmutation/Poison         3
   d - Ice Form                       Ice/Transmutation            4
   e - Blade Hands                    Transmutation                5
Comestibles
 d - 5 rations
 v - 4 chunks of flesh


   Skills:
 + Level 1.0(0.9) Fighting
 - Level 0.2 Short Blades
 + Level 2.2 Dodging
 + Level 4.5(4.4) Unarmed Combat
 - Level 1.2 Spellcasting
 * Level 2.4(2.3) Transmutations


You had 3 spell levels left.
You knew the following spells:

 Your Spells              Type           Power        Failure   Level  Hunger
a - Beastly Appendage     Tmut           #.....       14%         1    ##.....
b - Sticks to Snakes      Tmut           #.......     21%         2    ###....


Dungeon Overview and Level Annotations

Branches:
Dungeon (4/15)
 Temple: D:4-7

Altars:
Yredelemnul

Annotations:
D:3 Tali's ghost, amateur MiFi
D:4 Sigmund


Innate Abilities, Weirdness & Mutations

You are too large for most types of armour.
You have claws for hands.
Your metabolism is lightning-fast.
You like to eat raw meat.
Your natural rate of healing is unusually fast.
You are covered in fur. (AC +1)
You have very tough skin. (AC +2)


Message History

Sigmund flickers and vanishes!
Deactivating autopickup; reactivate with Ctrl-A.
The gnoll barely misses you.
The gnoll hits you from afar with a halberd!
* * * LOW HITPOINT WARNING * * *
Found a black potion.
Things that are here:
a gnoll corpse; a leopard gecko corpse You closely miss the gnoll.
Your ball python loses its grip on something.
The gnoll closely misses you.
The gnoll hits you from afar with a halberd.
* * * LOW HITPOINT WARNING * * *
A magic dart appears from out of thin air!
The magic dart hits you!
* * * LOW HITPOINT WARNING * * *
You hit the gnoll.
The gnoll is heavily wounded.
The gnoll closely misses you. Something hits you!
You die... . . #. .# #.##. ..... ##.#!.### ..# gl.

#.# #g#
#.###@#
#....S#
#.#####
...#####.#
.........#
.....#@## #
.### #)# .
####.#### .#
#.......##.##


You could see 2 gnolls, a leopard gecko and a friendly ball python.

Vanquished Creatures
  An orc wizard (D:4)
  A gnoll (D:4)
  4 adders
  2 worms (D:2)
  2 dart slugs (D:1)
  5 leopard geckos
  4 orcs (D:4)
  4 giant cockroaches
  4 goblins
  2 hobgoblins
  3 jackals (D:2)
  6 kobolds
  A quokka (D:3)
  2 ball pythons
  6 bats
  A frilled lizard (D:3)
  A quokka skeleton (D:4)
  4 rats
53 creatures vanquished.

Notes
Turn   | Place    | Note
-------+----------+-------------------------------------------
     0 | D:1      | Jens78 the Troll Transmuter began the quest for the Orb.
     0 | D:1      | Reached XP level 1. HP: 18/18 MP: 1/1
   110 | D:2      | Reached XP level 2. HP: 18/26 MP: 2/2
   137 | D:2      | Learned a level 2 spell: Sticks to Snakes
   219 | D:3      | Noticed Tali's ghost (amateur MiFi)
   310 | D:1      | Reached XP level 3. HP: 32/32 MP: 1/3
   372 | D:1      | Reached skill level 4 in Unarmed Combat
   959 | D:2      | Found a basalt altar of Yredelemnul.
  1164 | D:2      | Reached XP level 4. HP: 40/40 MP: 2/4
  2017 | D:3      | HP: 1/40 [Tali's ghost (13)]
  2168 | D:4      | Noticed Sigmund
  2188 | D:4      | Reached skill level 1 in Fighting
  2188 | D:4      | Reached XP level 5. HP: 21/48 MP: 0/5
  2191 | D:4      | Mangled by Sigmund

Skill      XL: |  1  2  3  4 |
---------------+-------------+-----
Unarmed Combat | 4 |  4.5
Dodging        | 2 |  2.2
Transmutations | 2 |  2.4
Fighting       | 1 |  1.0
Short Blades   | |  0.2
Spellcasting   | |  1.2

Action                   |  1- 3 |  4- 6 || total
-------------------------+-------+-------++-------
Melee: Unarmed           |    74 |     6 ||    80
       Headbutt          |     3 |     2 ||     5
       Kick              |     1 |     2 ||     3
       Short sword       |       |    74 ||    74
       Mace              |       |     7 ||     7
       Punch             |       |     2 ||     2
Throw: Stone             |       |     5 ||     5
 Cast: Beastly Appendage |    18 |    11 ||    29
       Sticks to Snakes  |       |     3 ||     3
 Stab: Sleeping          |     2 |       ||     2
  Eat: Chunk             |    15 |    12 ||    27
Armor: Robe              |    36 |    25 ||    61
Dodge: Dodged            |    28 |    62 ||    90
